 Dungeon Crawl Stone Soup version 0.31-a0-1626-g5cb510d322 (webtiles) character file.

Game seed: 196090349280748697

86 senseless the Grave Robber (level 4, -9/21 HPs)
             Began as a Vine Stalker Necromancer on Jan 12, 2024.
             Blown up by Ijyb (16 damage)
             ... with a mindburst bolt
             ... on level 3 of the Dungeon.
             The game lasted 00:06:53 (2448 turns).

senseless the Grave Robber (VSNe)                   Turns: 2448, Time: 00:06:54

Health: -9/21      AC:  2    Str: 11    XL:     4   Next: 49%
Magic:  0/9        EV: 12    Int: 17    God:
Gold:   64         SH:  0    Dex: 14    Spells: 4/9 levels left

rFire   . . .        b - +0 longbow
rCold   . . .        (shield currently unavailable)
rNeg    . . .        e - +0 robe
rPois   .            (no helmet)
rElec   .            (no cloak)
rCorr   .            (no gloves)
SInv    .            (no boots)
Will    .....        (no amulet)
Stlth   ++           r - ring of wizardry
HPRegen 1.03/turn    (no ring)
MPRegen 0.11/turn

%: guardian spirit, wizardry (x1)
@: no status effects
A: fangs 2, regeneration 1, magic shield, antimagic bite, no potion heal 2
a: no special abilities


You were on level 3 of the Dungeon.
You visited 1 branch of the dungeon, and saw 3 of its levels.

You collected 64 gold pieces.

Inventory:

Hand Weapons
 a - a +2 vampiric spear
 b - a +0 longbow (weapon)
 c - a +1 short sword of draining
 t - a +1 heavy war axe
Armour
 e - a +0 robe (worn)
Jewellery
 r - a ring of wizardry (left hand)
Wands
 q - a wand of paralysis (6)
Scrolls
 f - a scroll of poison {unknown}
 g - a scroll of teleportation {unknown}
 j - a scroll of fear {unknown}
 l - a scroll of fog {unknown}
 m - a scroll of noise {unknown}
 o - a scroll of revelation {unknown}
 p - a scroll of identify {unknown}
Potions
 d - 4 potions of brilliance {unknown}
 h - a potion of heal wounds {unknown}
 i - a potion of cancellation {unknown}
 k - a potion of curing {unknown}
 n - a potion of might {unknown}
 s - a potion of magic


   Skills:
 + Level 0.2 Fighting
 + Level 0.2 Polearms
 + Level 2.2 Dodging
 + Level 3.5 Stealth
 + Level 3.0 Spellcasting
 + Level 4.4 Necromancy


You had 4 spell levels left.
You knew the following spells:

 Your Spells              Type           Power      Damage    Failure   Level
a - Necrotise             Necr           68%        1d7       1%          1
b - Animate Dead          Necr           17%        N/A       12%         4

Your spell library contained the following spells:

 Spells                   Type           Power      Damage    Failure   Level
 Kiss of Death            Conj/Necr      40%        2d8       2%          1
 Vampiric Draining        Necr           17%        2d7       3%          3
 Dispel Undead            Necr           17%        3d10      12%         4
 Confusing Touch          Hex            2%         N/A       21%         3
 Curse of Agony           Necr           17%        N/A       30%         5


Dungeon Overview and Level Annotations

Branches:
Dungeon (3/15)

Altars:

Annotations:
D:3 Ijyb


Innate Abilities, Weirdness & Mutations

You have extremely sharp teeth.
Your natural rate of healing is unusually fast.
When hurt, damage is shared between your health and your magic reserves.
Your bite disrupts and absorbs the magic of your enemies.
Potions cannot restore your health.


Message History

Your bat skeleton closely misses the rat.
Your bat skeleton misses the rat.
Your bat skeleton barely misses the rat.
The rat bites your bat skeleton.
You could not reach far enough!
Your bat skeleton hits the rat but does no damage.
Your bat skeleton closely misses the rat.
Your bat skeleton barely misses the rat.
The rat bites your bat skeleton.
You could not reach far enough!
Your bat skeleton hits the rat but does no damage. x2
Your bat skeleton closely misses the rat.
The rat bites your bat skeleton.
You reach to attack!
You hit the rat.
You kill the rat!
Your bat skeleton crumbles into dust!
You see here a +0 longbow.
s - a +0 longbow Adjust to which letter? (? for menu, Esc to quit)
a - a +2 vampiric spear (weapon);
e - a +0 robe (worn)
Adjust to which letter? (? for menu, Esc to quit)
b - a +0 longbow;
s - a potion of magic You feel the dreadful sensation subside.
b - a +0 longbow (weapon)
An adder comes into view.
You shoot an arrow. The arrow hits the adder!
You kill the adder!
You see here a +1 heavy war axe.
t - a +1 heavy war axe
Found 6 poisoned darts.
Ijyb the Twisted Goblin comes into view.
She is wielding a +2 dagger of venom and carrying a wand of mindburst.
You shoot an arrow. The arrow hits Ijyb but does no damage.
Ijyb shouts!
Ijyb zaps a wand.
Your mind is blasted!
You shoot an arrow. The arrow barely misses Ijyb.
Ijyb zaps a wand.
Your mind is blasted!
* * * LOW HITPOINT WARNING * * *
Ijyb zaps a wand.
Your mind is blasted!
Ouch! That really hurt!
You die...

#..# #..#######.#.#..#
...............(#
...........#.#..#
#..#########.#..# #..#
#.#..# #..# #.#..#
#..#########.#..#########
#...............@......g.
#..#########.#.##########
#..# #.#.# #### #####


You could see Ijyb.

Vanquished Creatures
  5 adders
  2 ribbon worms
  A dart slug (D:1)
  3 ball pythons
  2 endoplasms
  5 goblins
  2 hobgoblins
  2 quokkas
  5 bats
  4 frilled lizards
  A kobold (D:2)
  7 rats
39 creatures vanquished.

Notes
Turn   | Place    | Note
-------+----------+-------------------------------------------
     0 | D:1      | senseless the Vine Stalker Necromancer began the quest for
                  | the Orb.
     0 | D:1      | Reached XP level 1. HP: 9/9 MP: 4/4
   209 | D:1      | Reached XP level 2. HP: 13/13 MP: 3/6
  1227 | D:2      | Reached XP level 3. HP: 7/16 MP: 2/7
  2007 | D:3      | Reached XP level 4. HP: 21/21 MP: 7/9
  2012 | D:3      | Learned a level 4 spell: Animate Dead
  2445 | D:3      | Noticed Ijyb
  2448 | D:3      | Blown up by Ijyb

Illustrated notes

Levels and vault maps discovered:
D:1:      amcnicky_arrival_choice, layout_basic
D:2:      layout_loops_cross
D:3:      layout_basic, serial_aquarium, aquarium_bridge_square
          [aquarium_subvault_wall, aquarium_subvault_window,
          aquarium_subvault_window, aquarium_subvault_bridge],
          aquarium_window_corner, aquarium_window_1, aquarium_view_2b,
          aquarium_pool_four, nrook_loot_triangle,
          minmay_randomly_rotated_circles, uniq_ijyb

Skill      XL: |  1  2  3  4 |
---------------+-------------+-----
Dodging        | 2 |  2.2
Stealth        | 3 |  3.5
Spellcasting   | 3 |  3.0
Fighting       | |  0.2
Polearms       | |  0.2
Necromancy     | |  4.4

Action                     |  1- 3 |  4- 6 || total
---------------------------+-------+-------++-------
  Melee: Short sword       |     5 |       ||     5
         Bite              |     1 |     1 ||     2
         Spear             |     7 |     6 ||    13
   Fire: Longbow           |       |     3 ||     3
   Cast: Necrotise         |    64 |    16 ||    80
 Armour: Robe              |    17 |     3 ||    20
  Dodge: Dodged            |    16 |     1 ||    17

Table legend: (Time is in decaauts)
 A = Elapsed time spent in this place.
 B = Non-inter-level travel time spent in this place.
 C = Inter-level travel time spent in this place.
 D = Time resting spent in this place.
 E = Time spent auto-exploring this place.
 F = Levels seen in this place.
 G = Mean time per level.
                   A        B        C        D        E       F      G
               +--------+--------+--------+--------+--------+-----+--------+
         Total |   2449 |   2444 |      5 |     12 |   2171 |   3 |  816.3 |
       Dungeon |   2449 |   2444 |      5 |     12 |   2171 |   3 |  816.3 |
               +--------+--------+--------+--------+--------+-----+--------+

Top non-repeatable levels by time:
     D:1: 1053 daAuts
     D:2: 944 daAuts
     D:3: 451 daAuts
